 Dungeon Crawl Stone Soup version 0.31-a0-986-g5e6e4ef867 (webtiles) character file.

Game seed: 3577811136139849841

148276 CowFu the Bludgeoner (level 16, -2/129 HPs)
             Began as a Minotaur Fighter on Nov 7, 2023.
             Was the Champion of the Shining One.
             Slain by a ghost moth (5 damage)
             ... on level 3 of the Spider Nest.
             The game lasted 00:36:18 (27864 turns).

CowFu the Bludgeoner (Minotaur Fighter)            Turns: 27864, Time: 00:36:19

Health: -2/129     AC: 28    Str: 28 (30) XL:     16   Next: 93%
Magic:  0/22       EV: 11    Int:  5      God:    the Shining One [******]
Gold:   1804       SH:  0    Dex: 11      Spells: 15/15 levels left

rFire   . . .        a - +8 sacred scourge (holy)
rCold   + . .        m - +0 tower shield
rNeg    + + +        K - +6 plate armour of Green Intercession {Str+2}
rPois   .            G - +1 hat {Will+}
rElec   .            d - +0 cloak {rC+}
rCorr   .            s - +0 pair of gloves
SInv    .            (no boots)
Will    +++..        I - amulet of guardian spirit Stlth
                     Y - ring of willpower
HPRegen 0.41/turn    b - +5 ring of evasion
MPRegen 0.18/turn

%: guardian spirit
@: lethally poisoned (-2 -> -7), marked, held, slowed, glowing, very slow
A: horns 2, retaliatory headbutt, iridescent scales 1, frail 1, noise
suppression
a: Renounce Religion, Divine Shield, Cleansing Flame, Summon Divine Warrior


You were on level 3 of the Spider Nest.
You worshipped the Shining One.
The Shining One was exalted by your worship.
You visited 4 branches of the dungeon, and saw 25 of its levels.
You also visited: Gauntlet and Ice Cave.

You collected 2400 gold pieces.
You spent 596 gold pieces at shops.

Inventory:

Hand Weapons
 a - a +8 sacred scourge of holy wrath (weapon)
Missiles
 e - 5 throwing nets (quivered)
 g - 10 silver javelins
 h - 3 curare-tipped darts
 i - 2 darts of dispersal
 o - 36 poisoned darts
 F - 16 boomerangs
 L - 16 atropa-tipped darts
Armour
 d - a +0 cloak of cold resistance (worn)
 m - a +0 tower shield (worn)
 s - a +0 pair of gloves (worn)
 G - a +1 hat of willpower (worn)
 H - the +1 cloak "Higew" {Rampage rElec}
   (You bought it in a shop on level 2 of the Orcish Mines)

   rElec:     It insulates you from electricity.
   Rampage:   It bestows one free step when moving towards enemies.
 K - the +6 plate armour of Green Intercession (worn) {Str+2}
   (You found it on level 9 of the Dungeon)

   Str+2:     It affects your strength (+2).
 M - +2 ice dragon scales
Jewellery
 b - a +5 ring of evasion (right hand)
 f - an amulet of the acrobat
 q - a ring of protection from cold
 A - an amulet of magic regeneration
 I - an amulet of guardian spirit (around neck)
 N - a ring of magical power
 Q - a ring of ice
 T - a ring of wizardry
 Y - a ring of willpower (left hand)
Wands
 v - a wand of charming (36)
 E - a wand of flame (65)
 S - a wand of mindburst (8)
 U - a wand of digging (12)
 X - a wand of iceblast (2)
Scrolls
 l - 11 scrolls of teleportation
 r - 5 scrolls of poison
 u - 2 scrolls of immolation
 y - 5 scrolls of fog
 B - 11 scrolls of identify
 D - 3 scrolls of amnesia
 J - a scroll of brand weapon
 O - 5 scrolls of revelation
 R - 2 scrolls of enchant weapon
 W - 2 scrolls of enchant armour
Potions
 c - 9 potions of attraction
 j - 6 potions of enlightenment
 k - a potion of mutation
 p - 3 potions of invisibility
 t - 3 potions of haste
 w - 7 potions of lignification
 x - 3 potions of cancellation
 z - a potion of brilliance
 C - a potion of might
 P - a potion of berserk rage
 V - a potion of curing
 Z - a potion of ambrosia


   Skills:
 + Level 13.6 Fighting
 + Level 18.3 Maces & Flails
 + Level 7.6 Throwing
 + Level 13.6 Armour
 + Level 13.0 Dodging
 + Level 13.4 Shields
 - Level 10.0 Invocations
 - Level 10.0 Evocations


You had 15 spell levels left.
You didn't know any spells.
Your spell library contained the following spells:

 Spells                   Type           Power      Damage    Failure   Level
 Apportation              Tloc           0%         N/A       100%        1
 Freeze                   Ice            0%         1d3       100%        1
 Kiss of Death            Conj/Necr      0%         2d5       100%        1
 Necrotise                Necr           0%         1d4       100%        1
 Sandblast                Erth           0%         2d4       100%        1
 Sting                    Tmut/Pois      0%         1d3       100%        1
 Summon Small Mammal      Summ           0%         N/A       100%        1
 Passwall                 Tmut/Erth      0%         N/A       100%        2
 Poisonous Vapours        Pois/Air       0%         N/A       100%        2
 Confusing Touch          Hex            0%         N/A       100%        3
 Dazzling Flash           Conj/Hex       0%         N/A       100%        3
 Frozen Ramparts          Ice            0%         1d1       100%        3
 Hailstorm                Conj/Ice       0%         3d3       100%        3
 Ignite Poison            Fire/Tmut/Pois 0%         N/A       100%        3
 Ozocubu's Armour         Ice            0%         N/A       100%        3
 Stone Arrow              Conj/Erth      0%         3d7       100%        3
 Volatile Blastmotes      Fire/Tloc      0%         2d10      100%        3
 Animate Armour           Summ/Erth      0%         N/A       100%        4
 Brom's Barrelling Bould  Conj/Erth      0%         2d3       100%        4
 Dispel Undead            Necr           0%         3d6       100%        4
 Fulminant Prism          Conj/Hex       0%         3d5       100%        4
 Iskenderun's Mystic Bla  Conj/Tloc      0%         2d3       100%        4
 Leda's Liquefaction      Hex/Erth       0%         N/A       100%        4
 Olgreb's Toxic Radiance  Pois           0%         N/A       100%        4
 Sticky Flame             Conj/Fire      0%         2d3       100%        4
 Agony                    Necr           0%         N/A       100%        5
 Alistair's Intoxication  Tmut/Pois      0%         N/A       100%        5
 Borgnjor's Vile Clutch   Necr/Erth      0%         N/A       100%        5
 Lee's Rapid Deconstruct  Erth           0%         3d4*      100%        5
 Silence                  Hex/Air        0%         N/A       100%        5
 Bombard                  Conj/Erth      0%         9d1       100%        6
 Eringya's Noxious Bog    Tmut/Pois      0%         4d6       100%        6
 Simulacrum               Ice/Necr       0%         N/A       100%        6
 Ozocubu's Refrigeration  Ice            0%         4d7       100%        7
 Ignition                 Fire           0%         3d3       100%        8
 Lehudib's Crystal Spear  Conj/Erth      0%         10d2      100%        8
 Polar Vortex             Ice            0%         N/A       100%        9


Dungeon Overview and Level Annotations

Branches:
Dungeon (15/15)            Temple (0/1) D:7            Lair (5/5) D:11
 Shoals (0/4) Lair:2       Spider (3/4) Lair:2        Slime (0/5) Lair:5
    Orc (2/2) D:9             Elf (0/3) Orc:2        Vaults (0/5) D:14
 Depths (0/4) D:15          IceCv (visited)         Gauntlet (visited)

Altars:
Cheibriados
Dithmenos
Elyvilon
Gozag
Makhleb
Uskayaw
Wu Jian
Xom
The Shining One
Jiyva
Lugonu

Shops:
D:4 *   D:6 :!   Orc:2 *:*[

Portals:
Abyss: Lair:5
Pandemonium: Orc:2

Annotations:
Lair:4 3 runed translucent doors, Vetiehig's ghost, journeyman DsCj
Lair:5 2 transporters, Fytzit's ghost, journeyman DECj
Spider:1 1 runed translucent door, zenocrate's ghost, journeyman VSEn
Spider:3 1 runed translucent door


Innate Abilities, Weirdness & Mutations

You have a pair of horns on your head.
You reflexively headbutt those who attack you in melee.
You are partially covered in iridescent scales. (AC +2)
You are frail. (-10% HP)
You passively dampen the noise of your surroundings.


Message History

The redback bites you!
* * * LOW HITPOINT WARNING * * *
The demonic crawler hits you but does no damage. x2
The demonic crawler barely misses you. The ghost moth stares at you.
The ghost moth hits you.
* * * LOW HITPOINT WARNING * * *
The ghost moth hits you but does no damage.
The ghost moth stings you but does no damage.
The redback bites you but does no damage.
The jumping spider completely misses you.
You furiously retaliate!
You headbutt the jumping spider!
The jumping spider bites you but does no damage.
The web tears apart.
You feel very sick. The redback completely misses you. You furiously retaliate!
You headbutt the redback!
You kill the redback!
You block the demonic crawler's attack. x2
The demonic crawler closely misses you. The jumping spider pounces on you.
* * * LOW HITPOINT WARNING * * *
You are caught in a web!
The jumping spider bites you.
* * * LOW HITPOINT WARNING * * *
The ghost moth stares at you.
The ghost moth hits you but does no damage. x2
The ghost moth stings you!
* * * LOW HITPOINT WARNING * * *
You feel weakened.
The redback bites you but does no damage.
The demonic crawler barely misses you. You furiously retaliate!
You headbutt the demonic crawler! The demonic crawler misses you.
The demonic crawler hits you.
* * * LOW HITPOINT WARNING * * *
The jumping spider pounces on you but does no damage.
The jumping spider misses you. The torpor snail bites you!
The Shining One protects you from harm! The ghost moth stares at you.
The ghost moth hits you but does no damage.
The ghost moth hits you.
You die...

#.....#...
#.....#####
#^<........
#..........
#..........
#...†....^.
#..†..#...#
###.w..## ...
#.s@s.^^#....
##sys...... .
#.)†.......
............
..............
#...........^..
#......^..##..
##.^...^..# ##
#..^.....#


You could see a ghost moth (invisible), a torpor snail, a demonic crawler, a
jumping spider and 2 redbacks.

Vanquished Creatures
  Jorgrun (Orc:1)
  Agnes (Spider:3)
  Gastronok (D:8)
  2 emperor scorpions (Spider:2)
  2 reapers (IceCv)
  A stone giant (D:14)
  2 dire elephants (Spider:2)
  A minotaur (Gauntlet)
  An entropy weaver (Spider:3)
  5 hydras
  8 centaur warriors
  3 demonspawn (Orc:2)
  A vault guard (D:14)
  3 ogre magi
  14 two-headed ogres
  5 boulder beetles
  2 tengu warriors (D:14)
  A radroach (Spider:3)
  A deep troll earth mage (D:15)
  3 demonic crawlers
  2 soul eaters (Orc:2)
  3 thrashing horrors (Lair:5)
  5 orc high priests (Orc:2)
  Amaemon (Lair:1)
  A deep elf knight (Spider:2)
  Urug (Orc:1)
  Sonja (Lair:2)
  A pharaoh ant (Spider:1)
  A skyshark (Lair:5)
  3 skeletal warriors (D:12)
  2 large abominations (Lair:5)
  A deep elf archer (Spider:2)
  2 obsidian statues
  An orange crystal statue (IceCv)
  A bog body (IceCv)
  2 steelbarb worms (Spider:2)
  8 orc knights
  5 spriggan simulacra (IceCv)
  4 deep elf pyromancers
  8 wolf spiders
  7 orc sorcerers (Orc:2)
  9 cyclopes
  2 oklob plants (Gauntlet)
  16 ugly things
  6 manticores
  25 elephants
  An ice statue (D:14)
  2 torpor snails
  A black mamba (Lair:5)
  An orange demon (Lair:1)
  5 smoke demons
  16 cane toads
  2 rime drakes
  Jeremiah (Lair:1)
  4 gargoyles
  3 ice devils (IceCv)
  2 unseen horrors
  An anaconda simulacrum (IceCv)
  7 freezing wraiths
  11 komodo dragons
  A red devil (Orc:2)
  3 polar bears
  3 meliai (D:13)
  2 trolls
  Prince Ribbit (D:6)
  A blink frog (shapeshifter) (D:14)
  11 tarantellas
  2 raiju (Lair:5)
  23 blink frogs
  10 jumping spiders
  8 culicivoras
  12 slime creatures
  A ynoxinul (Lair:5)
  A dire elephant simulacrum (IceCv)
  4 wraiths
  63 yaks
  2 shadows (D:11)
  8 wyverns
  A hog (shapeshifter) (D:14)
  A human (shapeshifter) (D:14)
  8 basilisks
  3 chaos spawn
  A golden eye (shapeshifter) (D:15)
  3 minotaur simulacra (IceCv)
  25 redbacks
  13 vampire mosquitoes
  2 harpy simulacra (IceCv)
  3 wargs
  Edmund (D:5)
  5 acid dragons
  A hell hound (Spider:2)
  10 water moccasins
  32 orc warriors
  A black bear (shapeshifter) (D:13)
  5 black bears
  An ice beast (D:4)
  A sky beast (D:8)
  An ettin simulacrum (IceCv)
  8 ogres
  10 wolves
  18 centaurs
  3 phantoms (D:6)
  2 kobold brigands
  12 bullfrogs
  Blork the orc (D:5)
  A gnoll sergeant (D:11)
  4 scorpions
  2 deep troll simulacra (IceCv)
  4 wights
  11 small abominations (Lair:5)
  2 lindwurm simulacra (IceCv)
  4 killer bees (D:7)
  2 electric eels (Lair:2)
  12 howler monkeys
  2 hounds
  5 jellies
  25 orc priests
  3 gnoll boudas
  A sleepcap (D:5)
  5 hell rats (Lair:3)
  25 orc wizards
  An iguana (D:6)
  A mummy (D:7)
  13 adders
  17 gnolls
  2 shadow imps
  A white imp (D:5)
  2 ufetubi (D:6)
  5 worms
  3 dart slugs
  83 orcs
  13 ball pythons
  4 bats
  11 endoplasms
  3 giant cockroaches
  4 goblins
  7 hobgoblins
  4 jackals (D:1)
  20 kobolds
  2 quokkas
  3 frilled lizards
  6 rats
874 creatures vanquished.

Notes
Turn   | Place    | Note
-------+----------+-------------------------------------------
     0 | D:1      | CowFu the Minotaur Fighter began the quest for the Orb.
     0 | D:1      | Reached XP level 1. HP: 19/19 MP: 0/0
    69 | D:1      | Reached skill level 3 in Maces & Flails
    96 | D:1      | Reached XP level 2. HP: 25/26 MP: 1/1
   340 | D:1      | Reached skill level 4 in Maces & Flails
   626 | D:2      | You fall into a shaft and drop 1 floor!
   727 | D:2      | Reached XP level 3. HP: 29/31 MP: 2/2
   843 | D:2      | Reached skill level 5 in Maces & Flails
  1048 | D:2      | Reached XP level 4. HP: 39/39 MP: 3/3
  2078 | D:3      | Found a faded altar of an unknown god.
  2099 | D:3      | Reached skill level 6 in Maces & Flails
  2374 | D:3      | Found a hide-covered altar of Uskayaw.
  2374 | D:3      | Found a glowing golden altar of the Shining One.
  2374 | D:3      | Found a white marble altar of Elyvilon.
  2374 | D:3      | Found a burning altar of Makhleb.
  2374 | D:3      | Found an opulent altar of Gozag.
  2374 | D:3      | Found a snail-covered altar of Cheibriados.
  2378 | D:3      | Reached XP level 5. HP: 44/45 MP: 4/4
  2390 | D:3      | Reached skill level 7 in Maces & Flails
  2398 | D:3      | Became a worshipper of the Shining One
  2670 | D:4      | Found a glowing golden altar of the Shining One.
  2753 | D:4      | Reached XP level 6. HP: 51/51 MP: 5/5
  2806 | D:4      | Reached skill level 8 in Maces & Flails
  3058 | D:4      | Noticed an ice beast
  3065 | D:4      | Killed an ice beast
  3066 | D:4      | Reached skill level 9 in Maces & Flails
  3187 | D:4      | Reached XP level 7. HP: 56/57 MP: 6/6
  3191 | D:4      | Found a shadowy altar of Dithmenos.
  3658 | D:4      | Found Oruinu Wow's Assorted Antiques.
  3663 | D:4      | Bought a black potion for 21 gold pieces
  3663 | D:4      | Bought a clear potion for 21 gold pieces
  3663 | D:4      | Bought 2 black potions for 43 gold pieces
  3663 | D:4      | Bought a clear potion for 21 gold pieces
  3750 | D:4      | Found a shimmering altar of Xom.
  3868 | D:5      | Entered Level 5 of the Dungeon
  3868 | D:5      | Noticed Blork the orc
  3868 | D:5      | Noticed Edmund
  3875 | D:5      | Killed Blork the orc
  3876 | D:5      | Reached skill level 10 in Maces & Flails
  3879 | D:5      | Killed Edmund
  4092 | D:5      | Reached skill level 11 in Maces & Flails
  4497 | D:5      | Reached * piety under the Shining One
  4504 | D:5      | Reached XP level 8. HP: 63/64 MP: 7/7
  5021 | D:6      | Found Ogiaquv's Book Shop.
  5058 | D:6      | Reached skill level 12 in Maces & Flails
  5142 | D:6      | Noticed Prince Ribbit
  5154 | D:6      | Killed Prince Ribbit
  5411 | D:6      | Reached skill level 13 in Maces & Flails
  5685 | D:6      | Found Inelide's Distillery.
  5694 | D:6      | Bought a potion of brilliance for 52 gold pieces
  5694 | D:6      | Bought a potion of curing for 39 gold pieces
  5710 | D:6      | Identified the +0 short sword of Actus Reus {holy, Str+3
                  | Dex+4}
  6214 | D:7      | Reached skill level 14 in Maces & Flails
  6214 | D:7      | Reached XP level 9. HP: 57/70 MP: 8/8
  6443 | D:7      | Found a staircase to the Ecumenical Temple.
  6504 | D:7      | Identified the +0 mace of Shrieking Terror {flame, rPois
                  | rN+ Dex-5}
  6738 | D:7      | Found a snail-covered altar of Cheibriados.
  7032 | D:7      | Noticed a two-headed ogre
  7039 | D:7      | Killed a two-headed ogre
  7040 | D:7      | Reached skill level 15 in Maces & Flails
  7216 | D:7      | Noticed a cyclops
  7221 | D:7      | Killed a cyclops
  7222 | D:7      | Reached skill level 16 in Maces & Flails
  7222 | D:7      | Reached skill level 1 in Dodging
  7374 | D:8      | Identified the +3 ring mail of Fubaef {Str+4}
  7421 | D:8      | Noticed Gastronok
  7446 | D:8      | Killed Gastronok
  7447 | D:8      | Reached skill level 5 in Fighting
  7447 | D:8      | Reached skill level 5 in Armour
  7447 | D:8      | Reached skill level 5 in Shields
  7447 | D:8      | Reached XP level 10. HP: 44/81 MP: 9/9
  7648 | D:8      | Found an ornate altar of the Wu Jian Council.
  7917 | D:8      | Reached ** piety under the Shining One
  8023 | D:8      | Found Uqow Niu's Jewellery Emporium.
  8695 | D:9      | Identified the +6 plate armour of Green Intercession
                  | {Str+2}
  8920 | D:9      | Found an opulent altar of Gozag.
  9096 | D:9      | Reached skill level 5 in Dodging
  9154 | D:9      | Reached XP level 11. HP: 86/92 MP: 10/10
  9182 | D:9      | Found a staircase to the Orcish Mines.
  9244 | D:10     | Entered Level 10 of the Dungeon
 10283 | D:11     | Reached *** piety under the Shining One
 10437 | D:11     | Noticed a boulder beetle
 10447 | D:11     | Killed a boulder beetle
 10531 | D:11     | Found a staircase to the Lair.
 10896 | Lair:1   | Entered Level 1 of the Lair of Beasts
 11025 | Lair:1   | Reached **** piety under the Shining One
 11025 | Lair:1   | Noticed Amaemon
 11057 | Lair:1   | Killed Amaemon
 11058 | Lair:1   | Reached XP level 12. HP: 73/105 MP: 11/11
 11403 | Lair:1   | Noticed Jeremiah
 11437 | Lair:1   | Killed Jeremiah
 11701 | Lair:1   | Reached skill level 10 in Fighting
 11920 | Lair:1   | Reached skill level 10 in Armour
 11920 | Lair:1   | Reached skill level 10 in Shields
 12245 | Lair:2   | Found a hole to the Spider Nest.
 12378 | Lair:2   | Found a staircase to the Shoals.
 12408 | Lair:2   | Reached skill level 10 in Dodging
 12424 | Lair:2   | Reached skill level 1 in Invocations
 12424 | Lair:2   | Reached skill level 1 in Evocations
 13312 | Lair:2   | Noticed Sonja
 13586 | Lair:2   | Reached skill level 5 in Invocations
 13733 | Lair:3   | Reached XP level 13. HP: 111/113 MP: 15/15
 13756 | Lair:3   | Reached skill level 5 in Evocations
 13778 | Lair:3   | HP: 4/113 [elephant (13)]
 13778 | Lair:3   | The Shining One protects you from harm!
 13782 | Lair:3   | Gained mutation: You are partially covered in iridescent
                  | scales. (AC +2) [potion of mutation]
 13782 | Lair:3   | Gained mutation: You are frail. (-10% HP) [potion of
                  | mutation]
 13782 | Lair:3   | Gained mutation: You passively dampen the noise of your
                  | surroundings. [potion of mutation]
 14261 | Lair:3   | Reached ***** piety under the Shining One
 14368 | Lair:3   | You fall into a shaft and drop 1 floor!
 14414 | Lair:4   | Noticed a minotaur
 14415 | Lair:4   | Noticed Vetiehig's ghost (journeyman DsCj)
 14431 | Lair:4   | Found a runed translucent gate.
 14431 | Lair:4   | Found a runed translucent gate.
 14431 | Lair:4   | Found a runed translucent gate.
 16041 | Lair:5   | Entered Level 5 of the Lair of Beasts
 16062 | Lair:5   | Found a staircase to the Slime Pits.
 16101 | Lair:5   | Found a gate leading to a gauntlet.
 16112 | Gauntlet | Entered a Gauntlet
 16112 | Gauntlet | Found a transporter.
 16199 | Gauntlet | Found a transporter.
 16212 | Gauntlet | Found a transporter.
 16217 | Gauntlet | Found a transporter.
 16232 | Gauntlet | Found a transporter.
 16251 | Gauntlet | Found a transporter.
 16263 | Gauntlet | Found a transporter.
 16269 | Gauntlet | Found a transporter.
 16280 | Gauntlet | Found a large runed translucent door.
 16281 | Gauntlet | Found a large runed translucent door.
 16282 | Gauntlet | Found a large runed translucent door.
 16282 | Gauntlet | Found a large runed translucent door.
 16283 | Gauntlet | Found a runed translucent gate.
 16284 | Gauntlet | Found a transporter.
 16284 | Gauntlet | Found a runed translucent gate.
 16285 | Gauntlet | Found a runed translucent gate.
 16286 | Gauntlet | Found a large runed translucent door.
 16286 | Gauntlet | Found a large runed translucent door.
 16287 | Gauntlet | Found a large runed translucent door.
 16288 | Gauntlet | Found a large runed translucent door.
 16296 | Gauntlet | Found a transporter.
 16308 | Gauntlet | Found a transporter.
 16316 | Gauntlet | Noticed a blizzard demon
 16325 | Gauntlet | Found a transporter.
 16325 | Gauntlet | Found a transporter.
 16341 | Gauntlet | Found a large runed translucent door.
 16341 | Gauntlet | Found a large runed translucent door.
 16341 | Gauntlet | Found a runed translucent door.
 16341 | Gauntlet | Found a runed translucent door.
 16342 | Gauntlet | Found a large runed translucent door.
 16343 | Gauntlet | Found a large runed translucent door.
 16345 | Gauntlet | Found a transporter.
 16361 | Gauntlet | Found a large runed translucent door.
 16361 | Gauntlet | Found a large runed translucent door.
 16362 | Gauntlet | Found a large runed translucent door.
 16363 | Gauntlet | Found a large runed translucent door.
 16369 | Gauntlet | Found a transporter.
 16436 | Gauntlet | Found a transporter.
 16463 | Gauntlet | Found a transporter.
 16479 | Gauntlet | Found a transporter.
 16728 | Gauntlet | Identified the +4 long sword of Qil Nuih {heavy, Contam
                  | Int+4 SInv}
 16777 | Gauntlet | Identified the +0 pair of boots "Efo Ivak" {-Tele Int+5}
 16792 | Gauntlet | Noticed a minotaur
 16799 | Gauntlet | Killed a minotaur
 16805 | Gauntlet | Identified the +0 robe "Ovoz" {rElec Int-2 Dex+4}
 16863 | Lair:5   | Found a viscous altar of Jiyva.
 16959 | Lair:5   | Noticed Fytzit's ghost (journeyman DECj)
 17057 | Lair:5   | Reached XP level 14. HP: 108/108 MP: 20/20
 17354 | Lair:5   | Reached skill level 10 in Invocations
 17531 | Lair:5   | Found a corrupted altar of Lugonu.
 17531 | Lair:5   | Found a one-way gate to the infinite horrors of the Abyss.
 17613 | Lair:5   | Reached ****** piety under the Shining One
 17619 | Lair:5   | Reached skill level 10 in Evocations
 17647 | Lair:5   | Identified a +2 sacred scourge of holy wrath (a +0 demon
                  | whip of venom blessed by the Shining One)
 17647 | Lair:5   | Received a gift from the Shining One
 18249 | Lair:5   | Found a transporter.
 18268 | Lair:5   | Found a transporter.
 18638 | Lair:2   | Killed Sonja
 18792 | Orc:1    | Entered Level 1 of the Orcish Mines
 18792 | Orc:1    | Noticed Urug
 18795 | Orc:1    | Noticed Jorgrun
 18800 | Orc:1    | Killed Urug
 18819 | Orc:1    | Killed Jorgrun
 18820 | Orc:1    | Reached skill level 1 in Throwing
 19260 | Orc:2    | Entered Level 2 of the Orcish Mines
 19322 | Orc:2    | Found Tewky's Antique Armour Boutique.
 19617 | Orc:2    | Found a staircase to the Elven Halls.
 19822 | Orc:2    | Found Sitz's General Store.
 19827 | Orc:2    | Found Muheat's General Store.
 20158 | Orc:2    | Bought the +1 cloak "Higew" {Rampage rElec} for 399 gold
                  | pieces
 20719 | Orc:2    | Reached XP level 15. HP: 116/116 MP: 21/21
 20851 | Orc:2    | Found Heithroi's Antique Armour Boutique.
 20851 | Orc:2    | Found Wytwexatybb's Book Shop.
 20851 | Orc:2    | Found a one-way gate leading to the halls of Pandemonium.
 22317 | D:13     | Reached skill level 17 in Maces & Flails
 23005 | D:14     | Found a gate to the Vaults.
 23455 | D:14     | Reached skill level 5 in Throwing
 24362 | D:15     | Entered Level 15 of the Dungeon
 24453 | D:15     | Found a frozen archway.
 24496 | IceCv    | Entered an ice cave
 24506 | IceCv    | Reached XP level 16. HP: 126/126 MP: 22/22
 25154 | D:15     | Found a staircase to the Depths.
 26181 | Spider:1 | Entered Level 1 of the Spider Nest
 26444 | Spider:1 | Reached skill level 18 in Maces & Flails
 26464 | Spider:1 | Found a runed translucent door.
 26466 | Spider:1 | Noticed zenocrate's ghost (journeyman VSEn)
 26680 | Spider:1 | You fall into a shaft and drop 1 floor!
 27814 | Spider:3 | Found a runed translucent door.
 27836 | Spider:3 | Noticed Agnes
 27861 | Spider:3 | Killed Agnes
 27864 | Spider:3 | HP: 5/129 [ghost moth (12)]
 27864 | Spider:3 | The Shining One protects you from harm!
 27864 | Spider:3 | Slain by a ghost moth

Illustrated notes

Levels and vault maps discovered:
D:1:      mrwooster_arrival_statue_2, layout_loops_cross
D:2:      layout_rooms, serial_co_window_serial, co_window_paths_a,
          co_window_of_opportunity_a, co_window_corner_a,
          co_window_of_opportunity_a, co_window_paths_a, co_window_paths_c,
          co_window_2corner, co_window_corner_b, co_window_4corner_b,
          co_window_sun, glass_columns_a, glass_columns_a, glass_columns_b,
          glass_columns_b, glass_columns_c
D:3:      cheibrodos_fertilizer, layout_loops_corners,
          hellmonk_ecumenical_altar_heavens_door
D:4:      layout_basic, old_standard_altar, lemuel_crystal_altar,
          mainiacjoe_overflow_brackets, serial_shops, kennysheep_little_box,
          minmay_crystal_water, minmay_fractal_squares_diagonal_5
D:5:      layout_loops_ring, kennysheep_donut, uniq_blork_the_orc, uniq_edmund
D:6:      layout_layer_cave, serial_shops, shop, nicolae_shop_window_shopping,
          minmay_misc_feat_secret_circle, uniq_prince_ribbit1
D:7:      layout_loops_ring, slow_altar_1, minmay_temple_entry_ruins, hex_large,
          minmay_three_doors
D:8:      layout_gridville, nzn_wu_jian_contemplation, kennysheep_windowed_goal,
          uniq_gastronok
D:9:      layout_roguey, nicolae_gozag_cash_rules_everything_around_me,
          orc_0_dummy, minmay_misc_feat_enclosed, minmay_misc_feat_rows
D:10:     layout_loops_ring
D:11:     layout_loops_ring, david_lair_shrubbed
D:12:     layout_loops_ring, serial_aquarium, aquarium_bridge_island_large
          [aquarium_subvault_large_1_pool, aquarium_subvault_bridge,
          aquarium_subvault_wall, aquarium_subvault_window,
          aquarium_subvault_wall], aquarium_bridge_long_separate
          [aquarium_subvault_bridge, aquarium_subvault_bridge,
          aquarium_subvault_wall, aquarium_subvault_wall,
          aquarium_subvault_bridge, aquarium_subvault_wall], aquarium_window_1,
          aquarium_window_1, aquarium_window_2, aquarium_view_2f,
          aquarium_view_2d, aquarium_balcony_3b
D:13:     layout_irregular_city
D:14:     layout_loops_corners, david_vaults_5, kennysheep_minor_cross,
          st_stairs_8, nzn_random_ring
D:15:     hellmonk_depths_entry_around_the_bend, layout_irregular_city,
          portal_ice_cave_entry_pillars_three, minmay_misc_feat_tower, drop_trap
Lair:1:   layout_roguey, uniq_jeremiah, uniq_amaemon
Lair:2:   layout_hall_layers, minmay_shoals_entry_centaurs, spider_nest_entry_a,
          serial_bayou_shore_a, uniq_sonja
Lair:3:   layout_long_grid, lemuel_fruit_fields, lemuel_fruit_tree,
          grunt_megastairs_5, lemuel_fruit_fields
Lair:4:   layout_roguey, maelrawn_ghost_gauntlet_escape, nzn_sisyphean_effort
Lair:5:   hellmonk_lair_end_abyssal_woods, layout_loops_ring,
          minmay_slime_entry_pillars, gammafunk_ghost_hive,
          gauntlet_entry_generic
Spider:1: layout_cave_pods, ebering_ghost_reflecting_pool,
          spiders_nest_hornet_nest, uniq_aizul, uniq_rupert
Spider:2: layout_spider_delve, beargit_elvish_explorers
Spider:3: layout_spider_delve, ebering_ghost_reflecting_pool, uniq_agnes
Orc:1:    layout_caves, basic_altar, uniq_jorgrun, uniq_urug
Orc:2:    pf_orc_diabolical, layout_diamond_mine, serial_shops,
          nicolae_shop_hallway_stairs, abandoned_shop

Skill      XL: |  1  2  3  4  5  6  7  8  9 10 11 12 13 14 15 16 |
---------------+-------------------------------------------------+-----
Maces & Flails | 3 4 5 6 7 9 11 14 16 17 18 | 18.3
Fighting       | 5 7 9 10 11 12 13 | 13.6
Armour         | 5 7 9 10 11 12 13 | 13.6
Dodging        | 3 5 7 10 12 13 | 13.0
Shields        | 5 7 9 10 11 12 13 | 13.4
Invocations    | 5 9 10 | 10.0
Evocations     | 4 8 10 | 10.0
Throwing       | 3 5 7 |  7.6

Action                     |  1- 3 |  4- 6 |  7- 9 | 10-12 | 13-15 | 16-18 || total
---------------------------+-------+-------+-------+-------+-------+-------++-------
  Melee: Flail             |    86 |   132 |    38 |       |       |       ||   256
         Headbutt          |    12 |    16 |    41 |   139 |   394 |   149 ||   751
         Morningstar       |       |       |   168 |   572 |   463 |       ||  1203
         Sacred scourge    |       |       |       |       |   782 |   480 ||  1262
 Invoke: Brand Weapon With |       |       |       |       |     1 |       ||     1
  Evoke: Wand              |       |       |       |       |     1 |       ||     1
    Use: Potion            |       |       |     2 |       |     8 |     3 ||    13
         Scroll            |       |       |    10 |     2 |    18 |     2 ||    32
 Armour: Scale mail        |    15 |       |       |       |       |       ||    15
         Plate armour      |    60 |   111 |   157 |   303 |   734 |   389 ||  1754
         Ring mail         |       |       |    11 |    36 |       |       ||    47
         Skin              |       |       |       |       |     2 |       ||     2
  Dodge: Dodged            |    22 |    10 |    35 |   117 |   302 |   251 ||   737
  Block: Buckler           |    15 |     1 |       |       |       |       ||    16
         Tower shield      |       |    84 |   131 |   378 |   835 |   441 ||  1869

Table legend: (Time is in decaauts)
 A = Elapsed time spent in this place.
 B = Non-inter-level travel time spent in this place.
 C = Inter-level travel time spent in this place.
 D = Time resting spent in this place.
 E = Time spent auto-exploring this place.
 F = Levels seen in this place.
 G = Mean time per level.
                   A        B        C        D        E       F      G
               +--------+--------+--------+--------+--------+-----+--------+
         Total |  27508 |  26115 |   1393 |      0 |  21079 |  27 | 1018.8 |
       Dungeon |  15236 |  14337 |    899 |      0 |  12000 |  15 | 1015.7 |
          Lair |   7050 |   6659 |    391 |      0 |   5301 |   5 | 1410.0 |
   Spider Nest |   1608 |   1584 |     24 |      0 |   1235 |   3 |  536.0 |
  Orcish Mines |   2331 |   2254 |     77 |      0 |   1674 |   2 | 1165.5 |
      Ice Cave |    551 |    551 |      0 |      0 |    340 |   1 |  551.0 |
      Gauntlet |    730 |    730 |      0 |      0 |    529 |   1 |  730.0 |
               +--------+--------+--------+--------+--------+-----+--------+

Top non-repeatable levels by time:
   Orc:2: 1630 daAuts
  Lair:1: 1589 daAuts
    D:14: 1540 daAuts
  Lair:5: 1493 daAuts
  Lair:4: 1400 daAuts
  Lair:2: 1386 daAuts
     D:6: 1298 daAuts
     D:8: 1260 daAuts
     D:4: 1257 daAuts
     D:7: 1213 daAuts
  Lair:3: 1181 daAuts
     D:3: 1131 daAuts
Spider:2: 1098 daAuts
     D:5: 1088 daAuts
    D:11: 969 daAuts
